 Dungeon Crawl Stone Soup version 0.19-a0-1834-g6b7851e (console) character file.

826 brucemayne the Cleaver (level 7, -9/57 HPs)
             Began as a Hill Orc Monk on Oct 8, 2016.
             Killed by divine providence
             ... invoked by an orc priest
              (13 damage)
             ... on level 7 of the Dungeon.
             The game lasted 00:12:20 (2820 turns).

brucemayne the Cleaver (Hill Orc Monk)              Turns: 2820, Time: 00:12:21

Health: -9/57      AC:  8    Str: 16    XL:     7   Next: 96%
Magic:  7/7        EV: 11    Int: 10    God:
Gold:   492        SH:  0    Dex: 13    Spells: 0 memorised, 6 levels left

rFire  . . .     SeeInvis .     a - +0 hand axe
rCold  . . .     Gourm    .     e - +0 ring mail
rNeg   . . .     Faith    .     (no shield)
rPois  +         Spirit   .     (no helmet)
rElec  .         Dismiss  .     w - +2 cloak
rCorr  .         Reflect  .     (no gloves)
MR     .....     Harm     .     (no boots)
Stlth  +.........               (no amulet)
                                (no ring)
                                s - ring of poison resistance

@: lethally poisoned (-9 -> -20)
A: no striking features
a: Convert to Beogh


You were on level 7 of the Dungeon.
You were not hungry.

You visited 2 branches of the dungeon, and saw 10 of its levels.
You also visited: Ossuary.

You collected 492 gold pieces.

Inventory:

Hand Weapons
 a - a +0 hand axe (weapon)
 j - a +0 blowgun
 m - a +0 hand axe
Missiles
 k - 25 poisoned needles
Armour
 b - a +0 robe
 e - a +0 ring mail (worn)
 p - a +0 scale mail
 w - a +2 cloak (worn)
 y - a +0 chain mail
Jewellery
 s - a ring of poison resistance (left hand)
Wands
 n - a wand of digging (11/24)
 q - a wand of confusion (5/48)
 v - a wand of flame (27/48)
Scrolls
 d - a scroll of enchant armour {unknown}
 f - 2 scrolls of identify
 g - 4 scrolls of teleportation {unknown}
 h - 2 scrolls of fog {unknown}
 o - 2 scrolls of remove curse {unknown}
 r - a scroll of blinking {unknown}
 x - 2 scrolls of magic mapping {unknown}
Potions
 u - a potion of brilliance {unknown}
Comestibles
 c - 2 bread rations
 t - a meat ration
 z - 4 chunks of flesh


   Skills:
 - Level 3.6 Fighting
 + Level 11.7 Axes
 - Level 2.4 Dodging
 - Level 1.5 Stealth


You had 6 spell levels left.
You didn't know any spells.

Dungeon Overview and Level Annotations

Branches:
Dungeon (9/15)             Temple (1/1) D:7
   Lair: D:8-11         Orc: D:9-12

Altars:
Ashenzari
Cheibriados
Dithmenos
Elyvilon
Fedhas
Gozag
Hepliaklqana
Kikubaaqudgha
Nemelex Xobeh
Okawaru
Qazlal
Ru
Sif Muna
Uskayaw
Xom

Annotations:
D:3 psellion's ghost, amateur FoGl
D:5 exclusion: upstairs
D:6 barakagiga's ghost, novice DEAE
D:7 exclusions: 2 downstairs and upstairs


Message History

The orc priest hits you with a short sword.
You hit the orc priest but do no damage.
The orc priest is moderately wounded.
The orc priest calls down the wrath of Beogh upon you.
Beogh smites you!
* * * LOW HITPOINT WARNING * * *
Evoke which item? (* to show all) (? for menu, Esc to quit)
Okay, then.
It was a potion of flight.
You feel very buoyant.
You fly up into the air.
The orc priest misses you.
It was a potion of cancellation.
Your magical effects are unravelling.
You feel magically purged.
You float gracefully downwards.
The orc hits you with a whip of venom.
* * * LOW HITPOINT WARNING * * *
You are lethally poisoned!
The orc priest calls down the wrath of Beogh upon you.
Beogh smites you!
You die...

............#
...#
............#
..........##
.........o## ..#
###........# #..#
######..## #..#
##..# #..#
###...#####
#..###...#.o@..#
#.....####o.....#
##...##
###......# #..##
....... #.##
....... ##.#
....... ##.##
....... #...#
....... #...#


You could see an orc priest and an orc.

Vanquished Creatures
  A sky beast (D:7)
  An ice beast (D:5)
  3 crimson imps
  A howler monkey (D:7)
  A centaur zombie (Ossuary)
  An orc priest (D:6)
  A hound (D:6)
  A jelly (D:7)
  A bullfrog skeleton (D:7)
  A human zombie (Ossuary)
  A centaur skeleton (D:5)
  Crazy Yiuf (D:7)
  Ijyb (D:2)
  An orc wizard (D:7)
  A worker ant (D:7)
  4 big kobold zombies (Ossuary)
  3 mummies
  An ooze (D:2)
  An adder zombie (D:5)
  3 dart slugs
  A leopard gecko (D:1)
  6 orcs
  2 giant cockroaches (D:5)
  3 gnoll zombies (Ossuary)
  4 goblins
  6 hobgoblins
  4 jackals
  9 kobolds
  2 quokkas
  7 bats
  A frilled lizard (D:3)
  A goblin zombie (D:6)
  3 hobgoblin zombies (Ossuary)
  A jackal zombie (D:7)
  A kobold zombie (D:6)
  2 orc zombies (Ossuary)
  4 rats
86 creatures vanquished.

Notes
Turn   | Place    | Note
-------+----------+-------------------------------------------
     0 | D:1      | brucemayne the Hill Orc Monk began the quest for the Orb.
     0 | D:1      | Reached XP level 1. HP: 19/19 MP: 1/1
   115 | D:2      | Found an iron altar of Okawaru.
   126 | D:2      | Reached XP level 2. HP: 21/26 MP: 2/2
   381 | D:3      | Found a snail-covered altar of Cheibriados.
   381 | D:3      | Found a white marble altar of Elyvilon.
   384 | D:3      | Found an ancient bone altar of Kikubaaqudgha.
   437 | D:3      | Reached skill level 5 in Axes
   456 | D:3      | Noticed psellion's ghost (amateur FoGl)
   470 | D:3      | Noticed Ijyb
   503 | D:2      | Reached XP level 3. HP: 12/31 MP: 3/3
   680 | D:2      | Killed Ijyb
   680 | D:2      | Reached skill level 6 in Axes
   680 | D:2      | Reached XP level 4. HP: 19/39 MP: 4/4
  1162 | D:4      | Noticed a phantom
  1187 | D:4      | You fall through a shaft!
  1187 | D:5      | Entered Level 5 of the Dungeon
  1187 | D:5      | Found a blossoming altar of Fedhas.
  1247 | D:5      | Reached skill level 7 in Axes
  1301 | D:5      | Noticed an ice beast
  1310 | D:6      | Noticed an ice beast
  1310 | D:6      | Noticed a sky beast
  1323 | D:5      | Reached XP level 5. HP: 13/45 MP: 5/5
  1337 | D:5      | Killed an ice beast
  1337 | D:5      | Reached skill level 8 in Axes
  1478 | D:5      | Found an opulent altar of Gozag.
  1512 | D:6      | Reached XP level 6. HP: 30/51 MP: 6/6
  1531 | D:6      | Reached skill level 9 in Axes
  1602 | D:6      | Found a sand-covered staircase.
  1617 | Ossuary  | Entered an ossuary
  1796 | Ossuary  | Reached skill level 10 in Axes
  1796 | Ossuary  | Reached XP level 7. HP: 26/57 MP: 7/7
  2122 | D:6      | Noticed barakagiga's ghost (novice DEAE)
  2172 | D:7      | Found a staircase to the Ecumenical Temple.
  2182 | Temple   | Entered the Ecumenical Temple
  2358 | D:7      | Found a runed door.
  2362 | D:7      | Noticed Crazy Yiuf
  2370 | D:7      | Killed Crazy Yiuf
  2543 | D:7      | Reached skill level 11 in Axes
  2794 | D:9      | Noticed a hornet
  2820 | D:7      | Killed from afar by an orc priest

Vault maps used:
D:1:      minmay_arrival_plants_in_alcoves
D:2:      first_bread, okawaru_ov_weapons_minmay
D:3:      nicolae_overflow_hidden_temple, st_stairs_10, minivault_11,
          minmay_strange_pillars, uniq_iyjb
D:4:      uniq_pikel
D:5:      nicolae_gozag_seed_capital, overflow_temple_1_default
D:6:      cheibrodos_quashed, lemuel_doored_altar, portal_sewer_entry_e,
          nicolae_ossuary_entry_giza, nrook_loot_triangle
D:7:      uniq_crazy_yiuf_cottage
D:8:      grunt_temple_overflow_lords_of_destruction,
          gammafunk_temple_overflow_pools
D:9:      zin_angel, kennysheep_mini_moat, hangedman_pestilent_swarm
Temple:   compressed_dpeg_triangle_lava_temple
Ossuary:  minmay_ossuary_gauntlet

Skill      XL: |  1  2  3  4  5  6  7 |
---------------+----------------------+-----
Axes           | 5 6 7 8 10 11 | 11.7
Fighting       | |  3.6
Dodging        | |  2.4
Stealth        | |  1.5

Action                   |  1- 3 |  4- 6 |  7- 9 || total
-------------------------+-------+-------+-------++-------
Melee: Hand axe          |    88 |   243 |   133 ||   464
Evoke: Wand              |       |     4 |     9 ||    13
  Use: Potion            |     2 |       |     2 ||     4
       Scroll            |       |     1 |       ||     1
 Stab: Confused          |       |     2 |       ||     2
       Sleeping          |       |     1 |       ||     1
  Eat: Chunk             |       |     3 |       ||     3
       Bread ration      |       |       |     1 ||     1
Armor: Robe              |    22 |       |       ||    22
       Ring mail         |     8 |   107 |    41 ||   156
Dodge: Dodged            |    82 |   158 |    56 ||   296
